 Dungeon Crawl Stone Soup version 0.21-a0-150-gc243083 (webtiles) character file.

133 Manul the Covered (level 5, -3/43 HPs)
             Began as a Barachi Fighter on July 28, 2017.
             Killed by divine providence
             ... invoked by an orc priest
              (11 damage)
             ... on level 3 of the Dungeon.
             The game lasted 00:02:37 (1801 turns).

Manul the Covered (Barachi Fighter)                 Turns: 1801, Time: 00:02:38

Health: -3/43      AC:  9    Str: 22 (23) XL:     5   Next: 16%
Magic:  4/4        EV:  8    Int:  7 (8)  God:
Gold:   130        SH:  9    Dex: 11 (12) Spells: 4/4 levels left

rFire    + . .     SeeInvis .   a - +0 long sword
rCold    x . .     Gourm    .   c - +0 shield
rNeg     . . .     Faith    .   b - +0 scale mail
rPois    .         Spirit   .   (no helmet)
rElec    .         Reflect  .   (no cloak)
rCorr    .         Harm     .   r - +0 pair of gloves
MR       .....     Clarity  +   (no boots) Stlth ..........Rnd*Tele +
                                h - amulet of rage
HPRegen  0.00/turn              i - ring of fire
MPRegen  0.09/turn              t - ring of teleportation

@: mighty, berserk cooldown, flying, hasted and slowed, slow
A: +LOS, swims, rugged brown scales 1, clarity, low mp 1, slowness 1, inhibited
regeneration, strong legs 1
a: Hop, Evoke Berserk Rage


You were on level 3 of the Dungeon.
You were very hungry.

You visited 1 branch of the dungeon, and saw 3 of its levels.

You collected 130 gold pieces.

Inventory:

Hand Weapons
 a - a +0 long sword (weapon)
Armour
 b - a +0 scale mail (worn)
 c - a +0 shield (worn)
 r - a +0 pair of gloves (worn)
Jewellery
 h - an amulet of rage (around neck)
 i - a ring of fire (left hand)
 t - a ring of teleportation (right hand)
Scrolls
 j - a scroll of remove curse
 o - 3 scrolls of identify
Potions
 d - a potion of might
 e - a potion of haste
 k - a potion of mutation
Comestibles
 f - 4 bread rations
 m - a meat ration
 q - a fruit


   Skills:
 + Level 4.3 Fighting
 + Level 3.9 Long Blades
 + Level 4.4 Armour
 + Level 1.5 Dodging
 + Level 4.0 Shields


You had 4 spell levels left.
You didn't know any spells.

Dungeon Overview and Level Annotations

Branches:
Dungeon (3/15)

Altars:
Cheibriados
Kikubaaqudgha


Innate Abilities, Weirdness & Mutations

Shadows flee at your approach. (+LOS)
You can swim through water.
You cover ground slowly.
You can hop short distances.
You are partially covered in rugged brown scales. (AC +1, +3% HP)
You possess an exceptional clarity of mind.
Your magical capacity is low. (-10% MP)
You do not regenerate when monsters are visible.


Message History

Your Shields skill increases to level 4!
You have reached level 5!
You block the bat's attack.
You miss the bat. You block the bat's attack.
The bat hits you but does no damage.
You closely miss the bat. The bat hits you but does no damage. x2
The orc priest miscasts a cantrip.
The bat barely misses you.
Unknown command.
You closely miss the bat. You block the bat's attack.
The bat hits you but does no damage.
The orc priest begins to cast a cantrip, but forgets the words!
You slash the bat!
You kill the bat!
You feel your dexterity returning.
You slash the orc priest!
The orc priest is heavily wounded.
The orc priest mumbles some strange prayers to Beogh against you.
Beogh smites you!
You die...

## #### .. ...
#$##
#.###########
..###....<....[#
#.#.#########.#
#.## #.# #)# #@#
#o# #.# #.# ...
#.# ... #.# ...


You could see an orc priest.

Vanquished Creatures
  An orc priest (D:3)
  An orc wizard (D:3)
  3 adders (D:2)
  An ooze (D:1)
  2 worms (D:2)
  A leopard gecko (D:2)
  2 orcs (D:3)
  A ball python (D:3)
  4 bats
  3 giant cockroaches
  3 goblins (D:1)
  A hobgoblin (D:1)
  3 jackals (D:2)
  4 kobolds
  A quokka (D:2)
  3 frilled lizards (D:2)
  3 rats (D:2)
37 creatures vanquished.

Notes
Turn   | Place    | Note
-------+----------+-------------------------------------------
     0 | D:1      | Manul the Barachi Fighter began the quest for the Orb.
     0 | D:1      | Reached XP level 1. HP: 18/18 MP: 1/1
   116 | D:1      | Reached XP level 2. HP: 25/25 MP: 2/2
   664 | D:2      | Found an ancient bone altar of Kikubaaqudgha.
   746 | D:2      | Reached XP level 3. HP: 22/30 MP: 3/3
  1122 | D:2      | Reached XP level 4. HP: 34/37 MP: 4/4
  1571 | D:2      | Found a snail-covered altar of Cheibriados.
  1784 | D:3      | Reached skill level 1 in Dodging
  1787 | D:3      | Gained mutation: You are partially covered in rugged brown scales. (AC +1, +3% HP) [potion of mutation]
  1787 | D:3      | Gained mutation: You do not regenerate when monsters are visible. [potion of mutation]
  1787 | D:3      | Gained mutation: Your magical capacity is low. (-10% MP) [potion of mutation]
  1787 | D:3      | Gained mutation: You possess an exceptional clarity of mind. [potion of mutation]
  1796 | D:3      | Reached XP level 5. HP: 8/43 MP: 4/4
  1801 | D:3      | Killed from afar by an orc priest

Vault maps used:
D:1:      minmay_arrival_semitransparent
D:2:      wad_pebble_path, lemuel_crystal_altar, lemuel_crystal_altar,
          first_bread

Skill      XL: |  1  2  3  4 |
---------------+-------------+-----
Armour         | 4 |  4.4
Fighting       | 4 |  4.3
Long Blades    | 3 |  3.9
Dodging        | 1 |  1.5
Shields        | 4 |  4.0

Action                   |  1- 3 |  4- 6 || total
-------------------------+-------+-------++-------
Melee: Long sword        |   111 |    57 ||   168
 Abil: Evoke Berserk Rag |     1 |     1 ||     2
  Use: Potion            |       |     6 ||     6
       Scroll            |       |     4 ||     4
  Eat: Chunk             |     2 |     3 ||     5
Armor: Scale mail        |    63 |    37 ||   100
Dodge: Dodged            |    42 |    15 ||    57
Block: Shield            |    61 |    38 ||    99
       Rpst.: Long sword |    14 |     2 ||    16
